 Dungeon Crawl Stone Soup version 0.27-a0-1196-g3e9cee4cb2 (webtiles) character file.

Game seed: 10980026716207792086

51 pilgrim the Shooter (level 3, -5/21 HPs)
             Began as a Deep Elf Hunter on May 28, 2021.
             Killed from afar by Natasha (6 damage)
             ... with a magic dart
             ... on level 2 of the Dungeon.
             The game lasted 00:03:45 (1419 turns).

pilgrim the Shooter (Deep Elf Hunter)               Turns: 1419, Time: 00:03:46

Health: -5/21      AC:  3    Str: 10    XL:     3   Next: 58%
Magic:  5/5        EV: 12    Int: 15    God:
Gold:   81         SH:  0    Dex: 15    Spells: 2/2 levels left

rFire    . . .     SeeInvis .   a - +1 shortbow
rCold    + . .     Faith    .   (shield currently unavailable)
rNeg     . . .     Spirit   .   c - +0 leather armour
rPois    .         Reflect  .   (no helmet)
rElec    .         Harm     .   (no cloak)
rCorr    .         Rampage  .   (no gloves)
Will     .....                  (no boots)
Stlth    ++........             (no amulet)
HPRegen  0.07/turn              e - ring of protection from cold
MPRegen  0.09/turn              (no ring)

@: no status effects
A: no striking features
a: no special abilities


You were on level 2 of the Dungeon.
You visited 1 branch of the dungeon, and saw 2 of its levels.

You collected 81 gold pieces.

Inventory:

Hand Weapons
 a - a +1 shortbow (weapon)
 b - a +0 short sword
Missiles
 d - 40 arrows (quivered ammo)
Armour
 c - a +0 leather armour (worn)
Jewellery
 e - a ring of protection from cold (left hand)
 k - a ring of flight
Scrolls
 f - a scroll of acquirement {unknown}
 h - a scroll of teleportation {unknown}
 i - a scroll of vulnerability {unknown}
 l - a scroll of blinking {unknown}
 o - a scroll of identify {unknown}
Potions
 g - a potion of curing {unknown}
 j - a potion of mutation {unknown}
 m - a potion of magic {unknown}
 n - a potion of degeneration {unknown}


   Skills:
 + Level 2.2 Fighting
 + Level 5.8 Bows
 - Level 3.0 Dodging
 + Level 2.6 Stealth


You had 2 spell levels left.
You didn't know any spells.
Your spell library was empty.

Dungeon Overview and Level Annotations

Branches:
Dungeon (2/15)

Altars:

Annotations:
D:2 Natasha


Message History

You see here a +0 rapier.
There is an escape hatch in the ceiling here.
Natasha, Servant of Life and Death comes into view.
You shoot an arrow. The arrow hits Natasha.
Natasha hisses angrily.
Natasha is moderately wounded.
You shoot an arrow. The arrow closely misses Natasha.
Natasha closely misses you.
You shoot an arrow. The arrow barely misses Natasha.
Natasha misses you.
Fire: 45 arrows
Press: ? - help, Q - select action Shift-Dir - straight line, f/p - Natasha
Aim: Natasha (moderately wounded, 56% to hit)
You shoot an arrow. The arrow hits Natasha.
Natasha is severely wounded.
Natasha claws you.
Fire: 44 arrows
Press: ? - help, Q - select action Shift-Dir - straight line, f/p - Natasha
Aim: Natasha (severely wounded, 56% to hit)
You shoot an arrow. The arrow closely misses Natasha.
Natasha claws you!
Fire: 43 arrows
Press: ? - help, Q - select action Shift-Dir - straight line, f/p - Natasha
Aim: Natasha (severely wounded, 56% to hit)
You shoot an arrow.
The arrow hits Natasha but does no damage.
Natasha is severely wounded.
Natasha claws you!
* * * LOW HITPOINT WARNING * * *
Fire: 42 arrows
Press: ? - help, Q - select action Shift-Dir - straight line, f/p - Natasha
Aim: Natasha (severely wounded, 56% to hit)
You shoot an arrow. The arrow closely misses Natasha.
Natasha claws you but does no damage.
Fire: 41 arrows
Press: ? - help, Q - select action Shift-Dir - straight line, f/p - Natasha
Aim: Natasha (severely wounded, 56% to hit)
You shoot an arrow. The arrow barely misses Natasha.
Natasha casts a spell at you. The magic dart hits you.
You die...

#............#...........#
.#..###.###.#.####..###.#
#..###รท###.#.# #..# #.#
#..........#.## #..# #.#
##.....##...#(. ...# #.#
#....<##.....###.## #.#
#.##.###.....( .. #.# #
#.##.# #...h#### #.#
#.##.##.####...@...# #.#
#............#.###.#####.#
####.##.#### #...........#
#.# # #####.####### #.##.#
##.## #.##.# ##...####
#.##.# #....... #.##.#
#....# #.# #.##.# #...##
#.#


You could see Natasha.

Vanquished Creatures
  2 adders (D:2)
  A dart slug (D:1)
  3 ball pythons (D:2)
  5 endoplasms
  5 goblins
  2 hobgoblins
  2 jackals (D:1)
  5 bats (D:1)
  2 frilled lizards
  5 kobolds (D:1)
  A rat (D:1)
33 creatures vanquished.

Notes
Turn   | Place    | Note
-------+----------+-------------------------------------------
     0 | D:1      | pilgrim the Deep Elf Hunter began the quest for the Orb.
     0 | D:1      | Reached XP level 1. HP: 12/12 MP: 3/3
    57 | D:1      | Found a faded altar of an unknown god.
   350 | D:1      | Reached XP level 2. HP: 17/17 MP: 4/4
  1051 | D:2      | Reached XP level 3. HP: 21/21 MP: 5/5
  1411 | D:2      | Noticed Natasha
  1417 | D:2      | HP: 1/21 [Natasha (8)]
  1419 | D:2      | Killed from afar by Natasha

Illustrated notes

Levels and vault maps discovered:
D:1:      scummos_arrival_gate, layout_basic, basic_ecumenical_altar
D:2:      layout_loops_ring, uniq_natasha

Skill      XL: |  1  2  3 |
---------------+----------+-----
Fighting       | 2 |  2.2
Stealth        | 2 |  2.6
Dodging        | 3 |  3.0
Bows           | |  5.8

Action                   || total
-------------------------++-------
 Fire: Shortbow          ||    91
Armor: Leather armour    ||     4
Dodge: Dodged            ||    17

Table legend: (Time is in decaauts)
 A = Elapsed time spent in this place.
 B = Non-inter-level travel time spent in this place.
 C = Inter-level travel time spent in this place.
 D = Time resting spent in this place.
 E = Time spent auto-exploring this place.
 F = Levels seen in this place.
 G = Mean time per level.
                   A        B        C        D        E       F      G
               +--------+--------+--------+--------+--------+-----+--------+
         Total |   1419 |   1412 |      7 |      0 |   1236 |   2 |  709.5 |
       Dungeon |   1419 |   1412 |      7 |      0 |   1236 |   2 |  709.5 |
               +--------+--------+--------+--------+--------+-----+--------+

Top non-repeatable levels by time:
     D:1: 891 daAuts
     D:2: 528 daAuts
